Workbook

Sheet Sheet1
A1: 2026年度项目立项审批情况汇总表
A2: 填写单位： | C2: 通城县发展和改革局 | M2: 单位：万元
A3: 序号 | B3: 建设单位名称 | C3: 建设项目名称 | D3: 建设地址 | E3: 建设单位法人 | F3: 主要建设内容 | G3: 建设性质 | H3: 计划总投资 | I3: 项目审批、核准、和备案情况 | L3: 项目联系人 | M3: 项目联系人电话 | N3: 政府机关 | O3: 建设工期 | P3: 备注
I4: 形式 | J4: 文号 | K4: 时间
A5: 1 | B5: 湖北瀛新精密电子有限公司 | C5: 智能小家电升级改造项目 | D5: 通城县经济开发区玉立大道555号 | E5: 黄梁 | F5: 该技改项目新增智能小家电生产线2条，购置切胶纸机、装减震垫/锁AC主电机、耐压测试仪、功率计/变频器等设备42台。 | G5: 技改及其他 | H5: 3000 | I5: 企业投资项目备案 | J5: 2601-421222-04-02-561072 | K5: 2026-01-04 | L5: 习富刚; | M5: 13339888305 | N5: 私营企业 | O5: 2026-01至2026-06
A6: 2 | B6: 通城晟新禹光伏科技有限公司 | C6: 湖北省咸宁市通城县关刀镇高冲村一组26号徐庆武屋顶光伏发电项目 | D6: 湖北省咸宁市通城县关刀镇高冲村一组26号 | E6: 朱存智 | F6: 该项目装机容量为44.53千瓦，占用屋顶面积160平方米，购置61块730W的光伏板，逆变器，并网箱及支架采用钢架相形式安装。 | G6: 新建 | H6: 12 | I6: 光伏发电项目备案 | J6: 2601-421222-04-05-724030 | K6: 2026-01-04 | L6: 王仲燕; | M6: 18871519330 | N6: 私营企业 | O6: 2026-01至2026-01
A7: 3 | B7: 通城晟新禹光伏科技有限公司 | C7: 湖北省咸宁市通城县关刀镇春雷村四组28号吴小九屋顶光伏发电项目 | D7: 湖北省咸宁市通城县关刀镇春雷村四组28号 | E7: 朱存智 | F7: 该项目装机容量为44.53千瓦，占用屋顶面积160平方米，购置61块730W的光伏板，逆变器，并网箱及支架采用钢架相形式安装。 | G7: 新建 | H7: 12 | I7: 光伏发电项目备案 | J7: 2601-421222-04-05-330353 | K7: 2026-01-04 | L7: 王仲燕; | M7: 18871519330 | N7: 私营企业 | O7: 2026-01至2026-01
A8: 4 | B8: 通城晟新禹光伏科技有限公司 | C8: 湖北省咸宁市通城县关刀镇春雷村三组34号王贤兵屋顶光伏发电项目 | D8: 湖北省咸宁市通城县关刀镇春雷村三组34号 | E8: 朱存智 | F8: 该项目装机容量为22.63千瓦，占用屋顶面积80平方米，购置31块730W的光伏板，逆变器，并网箱及支架采用钢架相形式安装。 | G8: 新建 | H8: 6 | I8: 光伏发电项目备案 | J8: 2601-421222-04-05-291440 | K8: 2026-01-04 | L8: 王仲燕; | M8: 18871519330 | N8: 私营企业 | O8: 2026-01至2026-01
A9: 5 | B9: 通城晟新禹光伏科技有限公司 | C9: 湖北省咸宁市通城县关刀镇里港村老街69号黄中秋屋顶光伏发电项目 | D9: 湖北省咸宁市通城县关刀镇里港村老街69号 | E9: 朱存智 | F9: 该项目装机容量为39.93千瓦，占用屋顶面积120平方米，购置41块730W的光伏板，逆变器，并网箱及支架采用钢架相形式安装。 | G9: 新建 | H9: 8 | I9: 光伏发电项目备案 | J9: 2601-421222-04-05-656611 | K9: 2026-01-04 | L9: 王仲燕; | M9: 18871519330 | N9: 私营企业 | O9: 2026-01至2026-01
A10: 6 | B10: 通城晟新禹光伏科技有限公司 | C10: 湖北省咸宁市通城县关刀镇官塘社区88号罗时明屋顶光伏发电项目 | D10: 湖北省咸宁市通城县关刀镇官塘社区88号 | E10: 朱存智 | F10: 该项目装机容量为35.77千瓦，占用屋顶面积130平方米，购置49块730W的光伏板，逆变器，并网箱及支架采用钢架相形式安装。 | G10: 新建 | H10: 9 | I10: 光伏发电项目备案 | J10: 2601-421222-04-05-619458 | K10: 2026-01-04 | L10: 王仲燕; | M10: 18871519330 | N10: 私营企业 | O10: 2026-01至2026-01
A11: 7 | B11: 通城晟新禹光伏科技有限公司 | C11: 湖北省咸宁市通城县石南镇樊店村二十组96号邱金龙屋顶光伏发电项目 | D11: 湖北省咸宁市通城县石南镇樊店村二十组96号 | E11: 朱存智 | F11: 该项目装机容量为47.45千瓦，占用屋顶面积120平方米，购置65块730W的光伏板，逆变器，并网箱及支架采用钢架相形式安装。 | G11: 新建 | H11: 13 | I11: 光伏发电项目备案 | J11: 2601-421222-04-05-682314 | K11: 2026-01-04 | L11: 王仲燕; | M11: 18871519330 | N11: 私营企业 | O11: 2026-01至2026-01
A12: 8 | B12: 通城晟新禹光伏科技有限公司 | C12: 湖北省咸宁市通城县沙堆镇坪坳村八组11号万大明屋顶光伏发电项目 | D12: 湖北省咸宁市通城县沙堆镇坪坳村八组11号 | E12: 朱存智 | F12: 该项目装机容量为43.8千瓦，占用屋顶面积160平方米，购置60块730W的光伏板，逆变器，并网箱及支架采用钢架相形式安装。 | G12: 新建 | H12: 12 | I12: 光伏发电项目备案 | J12: 2601-421222-04-05-991914 | K12: 2026-01-04 | L12: 王仲燕; | M12: 18871519330 | N12: 私营企业 | O12: 2026-01至2026-01
A13: 9 | B13: 通城晟新禹光伏科技有限公司 | C13: 湖北省咸宁市通城县关刀镇春雷村五组5-9号王健屋顶光伏发电项目 | D13: 湖北省咸宁市通城县关刀镇春雷村五组5-9号 | E13: 朱存智 | F13: 该项目装机容量为44.53千瓦，占用屋顶面积160平方米，购置61块730W的光伏板，逆变器，并网箱及支架采用钢架相形式安装。 | G13: 新建 | H13: 12 | I13: 光伏发电项目备案 | J13: 2601-421222-04-05-610813 | K13: 2026-01-04 | L13: 王仲燕; | M13: 18871519330 | N13: 私营企业 | O13: 2026-01至2026-01
A14: 10 | B14: 通城晟新禹光伏科技有限公司 | C14: 湖北省咸宁市通城县关刀镇春雷村三组88号聂华国屋顶光伏发电项目 | D14: 湖北省咸宁市通城县关刀镇春雷村三组88号 | E14: 朱存智 | F14: 该项目装机容量为47.45千瓦，占用屋顶面积170平方米，购置65块730W的光伏板，逆变器，并网箱及支架采用钢架相形式安装。 | G14: 新建 | H14: 13 | I14: 光伏发电项目备案 | J14: 2601-421222-04-05-359092 | K14: 2026-01-04 | L14: 王仲燕; | M14: 18871519330 | N14: 私营企业 | O14: 2026-01至2026-01
A15: 11 | B15: 通城晟新禹光伏科技有限公司 | C15: 湖北省咸宁市通城县大坪乡坪山村一组12号张艳屋顶光伏发电项目 | D15: 湖北省咸宁市通城县大坪乡坪山村一组12号 | E15: 朱存智 | F15: 该项目装机容量为51.83千瓦，占用屋顶面积180平方米，购置71块730W的光伏板，逆变器，并网箱及支架采用钢架相形式安装。 | G15: 新建 | H15: 14 | I15: 光伏发电项目备案 | J15: 2601-421222-04-05-560203 | K15: 2026-01-04 | L15: 王仲燕; | M15: 18871519330 | N15: 私营企业 | O15: 2026-01至2026-01
A16: 12 | B16: 通城晟新禹光伏科技有限公司 | C16: 湖北省咸宁市通城县隽水镇白沙社区五组56号万淼屋顶光伏发电项目 | D16: 湖北省咸宁市通城县隽水镇白沙社区五组56号 | E16: 朱存智 | F16: 该项目装机容量为41.61千瓦，占用屋顶面积160平方米，购置57块730W的光伏板，逆变器，并网箱及支架采用钢架相形式安装。 | G16: 新建 | H16: 11 | I16: 光伏发电项目备案 | J16: 2601-421222-04-05-769523 | K16: 2026-01-04 | L16: 王仲燕; | M16: 18871519330 | N16: 私营企业 | O16: 2026-01至2026-01
... A85: 81 | B85: 通城县城市管理执法局 | C85: 通城县城市公园广场基础设施更新工程 | D85: 通城县城区 | E85: 刘亚斌 | F85: 该项目涉及通城县隽水镇辖区内4座城市公园广场，具体为银山广场面积63900平方米（约95.85亩）、雁塔广场面积21000平方米（约31.5亩）、秀水公园面积104247平方米（约156.37亩）、滨河公园面积39000平方米（约58.5亩），工程建设围绕基础设施维修更新展开，重点实施五大类工程。 | G85: 改建 | H85: 2280 | I85: 政府投资项目可行性研究报告或实施方案审批 | J85: 隽发改审批〔2026〕3号 | K85: 2026-01-08 | L85: 何娟 | M85: 17364243900 | N85: 国有及国有控股企业 | O85: 2026-01至2026-12
A86: 82 | B86: 通城县隽丰农产品投资有限公司 | C86: 通城县农产品冷链物流节点建设项目 | D86: 通城县隽水镇、马港镇、北港镇、麦市镇、石南镇、塘湖镇、五里镇、四庄乡、关刀镇、大坪乡、沙堆镇。 | E86: 杨海兵 | F86: 本项目规划总用地面积21298㎡，总建筑面积12910㎡。其中新建农产品冷链物流信息平台建筑面积5368㎡（隽水镇），现有10个乡镇冷链物流交易中心改造，改造建筑面积共7542㎡，含采购冷链物流车辆50台，农产品检验检测设备一套，20套智能激光蔬菜分拣包装设备生产线及其它配套建设内容。 | G86: 改建 | H86: 12020.08 | I86: 政府投资项目可行性研究报告或实施方案审批 | J86: 隽发改审批〔2026〕4号 | K86: 2026-01-08 | L86: 黎旭 | M86: 18007244984 | N86: 国有及国有控股企业 | O86: 2026-04至2027-10
A87: 83 | B87: 通城晟新禹光伏科技有限公司 | C87: 通城晟新禹光伏科技有限公司湖北省咸宁市通城县关刀镇春雷村三组68号万寒屋顶光伏发电项目 | D87: 湖北省咸宁市通城县关刀镇春雷村三组68号 | E87: 朱存智 | F87: 该项目装机容量为60.06千瓦，占用屋顶面积125平方米，购置84块715的光伏板，逆变器，并网箱及支架采用钢架棚形式安装。 | G87: 新建 | H87: 20 | I87: 光伏发电项目备案 | J87: 2601-421222-04-01-671593 | K87: 2026-01-09 | L87: 黎林; | M87: 15757088508 | N87: 私营企业 | O87: 2026-01至2026-01
A88: 84 | B88: 通城晟新禹光伏科技有限公司 | C88: 通城晟新禹光伏科技有限公司湖北省咸宁市通城县大坪乡水口村六组28号吴胜刚屋顶光伏发电项目 | D88: 湖北省咸宁市通城县大坪乡水口村六组28号 | E88: 朱存智 | F88: 该项目装机容量为57.2千瓦，占用屋顶面积135平方米，购置80块715的光伏板，逆变器，并网箱及支架采用钢架棚形式安装。 | G88: 新建 | H88: 20 | I88: 光伏发电项目备案 | J88: 2601-421222-04-01-955402 | K88: 2026-01-09 | L88: 黎林; | M88: 15757088508 | N88: 私营企业 | O88: 2026-01至2026-01
A89: 85 | B89: 通城晟新禹光伏科技有限公司 | C89: 通城晟新禹光伏科技有限公司湖北省咸宁市通城县隽水镇石泉二组68号孔庆林屋顶光伏发电项目 | D89: 湖北省咸宁市通城县隽水镇石泉二组68号 | E89: 朱存智 | F89: 该项目装机容量为57.2千瓦，占用屋顶面积125平方米，购置80块715的光伏板，逆变器，并网箱及支架采用钢架棚形式安装。 | G89: 新建 | H89: 19.75 | I89: 光伏发电项目备案 | J89: 2601-421222-04-01-183304 | K89: 2026-01-09 | L89: 黎林; | M89: 15757088508 | N89: 私营企业 | O89: 2026-01至2026-01
A90: 86 | B90: 通城晟新禹光伏科技有限公司 | C90: 通城晟新禹光伏科技有限公司湖北省咸宁市通城县石南镇柏树村四组5号邓子龙屋顶光伏发电项目 | D90: 湖北省咸宁市通城县石南镇柏树村四组5号 | E90: 朱存智 | F90: 该项目装机容量为41.47千瓦，占用屋顶面积125平方米，购置58块715的光伏板，逆变器，并网箱及支架采用钢架棚形式安装。 | G90: 新建 | H90: 14.5 | I90: 光伏发电项目备案 | J90: 2601-421222-04-01-961606 | K90: 2026-01-09 | L90: 黎林; | M90: 15757088508 | N90: 私营企业 | O90: 2026-01至2026-01
A91: 87 | B91: 通城晟新禹光伏科技有限公司 | C91: 通城晟新禹光伏科技有限公司湖北省咸宁市通城县石南镇赛公村三组6号胡小珍屋顶光伏发电项目 | D91: 湖北省咸宁市通城县石南镇赛公村三组6号 | E91: 朱存智 | F91: 该项目装机容量为32.175千瓦，占用屋顶面积125平方米，购置45块715的光伏板，逆变器，并网箱及支架采用钢架棚形式安装。 | G91: 新建 | H91: 11.25 | I91: 光伏发电项目备案 | J91: 2601-421222-04-01-246301 | K91: 2026-01-09 | L91: 黎林; | M91: 15757088508 | N91: 私营企业 | O91: 2026-01至2026-01
A92: 88 | B92: 通城晟新禹光伏科技有限公司 | C92: 通城晟新禹光伏科技有限公司湖北省咸宁市通城县大坪乡达丰村一组59号胡来成屋顶光伏发电项目 | D92: 湖北省咸宁市通城县大坪乡达丰村一组59号 | E92: 朱存智 | F92: 该项目装机容量为43.615千瓦，占用屋顶面积125平方米，购置61块715的光伏板，逆变器，并网箱及支架采用钢架棚形式安装。 | G92: 新建 | H92: 15.25 | I92: 光伏发电项目备案 | J92: 2601-421222-04-01-861485 | K92: 2026-01-09 | L92: 黎林; | M92: 15757088508 | N92: 私营企业 | O92: 2026-01至2026-01
A93: 89 | B93: 通城晟新禹光伏科技有限公司 | C93: 通城晟新禹光伏科技有限公司湖北省咸宁市通城县大坪乡农林村八组17号陈浩屋顶光伏发电项目 | D93: 湖北省咸宁市通城县大坪乡农林村八组17号 | E93: 朱存智 | F93: 该项目装机容量为37.895千瓦，占用屋顶面积125平方米，购置53块715的光伏板，逆变器，并网箱及支架采用钢架棚形式安装。 | G93: 新建 | H93: 13.25 | I93: 光伏发电项目备案 | J93: 2601-421222-04-01-616984 | K93: 2026-01-09 | L93: 黎林; | M93: 15757088508 | N93: 私营企业 | O93: 2026-01至2026-01
A94: 90 | B94: 通城晟新禹光伏科技有限公司 | C94: 通城晟新禹光伏科技有限公司湖北省咸宁市通城县大坪乡农林村八组18号黎逢云屋顶光伏发电项目 | D94: 湖北省咸宁市通城县大坪乡农林村八组18号 | E94: 朱存智 | F94: 该项目装机容量为42.9千瓦，占用屋顶面积125平方米，购置60块715的光伏板，逆变器，并网箱及支架采用钢架棚形式安装。 | G94: 新建 | H94: 15 | I94: 光伏发电项目备案 | J94: 2601-421222-04-01-224360 | K94: 2026-01-09 | L94: 黎林; | M94: 15757088508 | N94: 私营企业 | O94: 2026-01至2026-01
A95: 91 | B95: 通城晟新禹光伏科技有限公司 | C95: 通城晟新禹光伏科技有限公司湖北省咸宁市通城县五里镇左港村二组26号胡雄甫屋顶光伏发电项目 | D95: 湖北省咸宁市通城县五里镇左港村二组26号 | E95: 朱存智 | F95: 该项目装机容量为22.88千瓦，占用屋顶面积125平方米，购置32块715的光伏板，逆变器，并网箱及支架采用钢架棚形式安装。 | G95: 新建 | H95: 8 | I95: 光伏发电项目备案 | J95: 2601-421222-04-01-585048 | K95: 2026-01-09 | L95: 黎林; | M95: 15757088508 | N95: 私营企业 | O95: 2026-01至2026-01
A96: 92 | B96: 通城晟新禹光伏科技有限公司 | C96: 通城晟新禹光伏科技有限公司湖北省咸宁市通城县四庄乡寺背村七组38号万仲彬屋顶光伏发电项目 | D96: 湖北省咸宁市通城县四庄乡寺背村七组38号 | E96: 朱存智 | F96: 该项目装机容量为28.6千瓦，占用屋顶面积125平方米，购置40块715的光伏板，逆变器，并网箱及支架采用钢架棚形式安装。 | G96: 新建 | H96: 10 | I96: 光伏发电项目备案 | J96: 2601-421222-04-01-230706 | K96: 2026-01-09 | L96: 黎林; | M96: 15757088508 | N96: 私营企业 | O96: 2026-01至2026-01
A97: 93 | B97: 湖北壹威电子科技有限公司 | C97: 壹威电子NTC热敏电阻建设项目 | D97: 通城坪山孵化园二期 | E97: 黎威 | F97: 该项目规划总用地面积4000平方米，总建筑面积17334.24平方米。主要生产NTC热敏电阻，建设NTC热敏电阻单端玻封生产线15条，二极管生产线5条，环氧电阻生产线5条。 | G97: 迁建 | H97: 10000 | I97: 企业投资项目备案 | J97: 2601-421222-04-01-322479 | K97: 2026-01-09 | L97: 吴奔; | M97: 18218887925 | N97: 私营企业 | O97: 2026-01至2026-05
A98: 94 | B98: 通城晟新禹光伏科技有限公司 | C98: 湖北省咸宁市通城县关刀镇五流村十四组14-9号金先明屋顶光伏发电项目 | D98: 湖北省咸宁市通城县关刀镇五流村十四组14-9号 | E98: 朱存智 | F98: 该项目装机容量为36.5千瓦，占用屋顶面积130平方米，购置50块730W的光伏板，逆变器，并网箱及支架采用钢架相形式安装。 | G98: 新建 | H98: 10 | I98: 光伏发电项目备案 | J98: 2601-421222-04-05-376786 | K98: 2026-01-09 | L98: 王仲燕; | M98: 18871519330 | N98: 私营企业 | O98: 2026-01至2026-01
... A104: 100 | B104: 通城县博庭新能源科技有限公司 | C104: 通城县 隽水镇下阔村一组64号 宋细桃 分布式屋顶光伏发电项目 | D104: 通城县 隽水镇下阔村一组64号 | E104: 陈红梅 | F104: 该项目装机容量为39.60千瓦，占用房顶面积180平方米，购置55块720瓦光伏板，逆变器，并网箱及支架，采用钢架棚形式安装。 | G104: 新建 | H104: 9.93 | I104: 光伏发电项目备案 | J104: 2601-421222-04-01-192602 | K104: 2026-01-09 | L104: 黄荣; | M104: 15997954307 | N104: 私营企业 | O104: 2026-01至2026-01
A105: 101 | B105: 通城县妇幼保健计划生育服务中心 | C105: 通城县妇幼保健院托育中心项目 | D105: 通城县隽水镇古龙社区四组 | E105: 汪华友 | F105: 该项目总占地面积15096.00平方米，总建筑面积10182.82平方米，具体建设内容如下： （一）新建托育服务用房3200平方米，建设托位150个，开设乳儿班、托大班、托小班； （二）新建托育从业人员培训用房3082.82平方米，包含培训所需的硬软件、多媒体教室、实训室、报告厅培训中心、远程教室等； （三）新建托育产品研发和标准设计用房600平方米，包含研发室、标准设计室、模拟体验室、产品展示厅； （四）新建婴幼儿早期发展用房2000平方米，包含早期发展指导中心、营养膳食指导室、婴幼儿情景体验区互联网家长课堂等； （五）新建综合监控用房及综合辅助用房1300平方米，包含监控管理室、信息机房、存储室等； （六）建设绿化、停车场（含地下）、给排水、用电、消防等附属配套工程。 | G105: 新建 | H105: 5051.08 | I105: 政府投资项目初步设计审批 | J105: 隽发改审批【2025】486号 | K105: 2026-01-09 | L105: 葛四平 | M105: 13476910277 | N105: 事业单位 | O105: 2026-05至2027-11
A106: 102 | B106: 通城县妇幼保健计划生育服务中心 | C106: 通城县妇幼保健院托育中心项目 | D106: 通城县隽水镇古龙社区四组 | E106: 汪华友 | F106: 该项目总占地面积15096.00平方米，总建筑面积10182.82平方米，具体建设内容如下： （一）新建托育服务用房3200平方米，建设托位150个，开设乳儿班、托大班、托小班； （二）新建托育从业人员培训用房3082.82平方米，包含培训所需的硬软件、多媒体教室、实训室、报告厅培训中心、远程教室等； （三）新建托育产品研发和标准设计用房600平方米，包含研发室、标准设计室、模拟体验室、产品展示厅； （四）新建婴幼儿早期发展用房2000平方米，包含早期发展指导中心、营养膳食指导室、婴幼儿情景体验区互联网家长课堂等； （五）新建综合监控用房及综合辅助用房1300平方米，包含监控管理室、信息机房、存储室等； （六）建设绿化、停车场（含地下）、给排水、用电、消防等附属配套工程。 | G106: 新建 | H106: 5051.08 | I106: 政府投资项目可行性研究报告或实施方案审批 | J106: 隽发改审批【2025】169号 | K106: 2026-01-09 | L106: 葛四平 | M106: 13476910277 | N106: 事业单位 | O106: 2026-05至2027-11
A107: 103 | B107: 湖北知青书院生态农业发展有限公司 | C107: 龙背山1号飞行营地基础设施建设项目 | D107: 通城县塘湖镇狼荷村 | E107: 刘辉雄 | F107: 总用地面积：141.24亩,总建筑面积：6200平方米。主要建设：道路建设（含路基、路面、刷黑、附属设施等）、树木种植（含苗木采购、种植、养护及配套绿化设施）。 | G107: 新建 | H107: 7500 | I107: 企业投资项目备案 | J107: 2601-421222-04-01-723209 | K107: 2026-01-09 | L107: 葛凌宇; | M107: 15027366749 | N107: 私营企业 | O107: 2026-01至2026-07
A108: 104 | B108: 通城晟新禹光伏科技有限公司 | C108: 通城晟新禹光伏科技有限公司湖北省咸宁市通城县五里镇金塘村三组2号李火来屋顶光伏发电项目 | D108: 湖北省咸宁市通城县五里镇金塘村三组2号 | E108: 朱存智 | F108: 该项目装机容量为39.42千瓦，占用屋顶面积125平方米，购置54块730的光伏板，逆变器，并网箱及支架采用钢架棚形式安装 | G108: 新建 | H108: 14 | I108: 光伏发电项目备案 | J108: 2601-421222-04-01-863500 | K108: 2026-01-10 | L108: 徐玲; | M108: 15926934391 | N108: 私营企业 | O108: 2026-01至2026-01
A109: 105 | B109: 通城晟新禹光伏科技有限公司 | C109: 通城晟新禹光伏科技有限公司湖北省咸宁市通城县隽水镇和平社区民主路2号付霞屋顶光伏发电项目 | D109: 湖北省咸宁市通城县隽水镇和平社区民主路2号 | E109: 朱存智 | F109: 该项目装机容量为32.12千瓦，占用屋顶面积125平方米，购置44块730的光伏板，逆变器，并网箱及支架采用钢架棚形式安装。 | G109: 新建 | H109: 11 | I109: 光伏发电项目备案 | J109: 2601-421222-04-01-645892 | K109: 2026-01-10 | L109: 徐玲; | M109: 15926934391 | N109: 私营企业 | O109: 2026-01至2026-01
A110: 106 | B110: 通城晟新禹光伏科技有限公司 | C110: 通城晟新禹光伏科技有限公司湖北省咸宁市通城县麦市镇三岔街22号葛玉尧屋顶光伏发电项目 | D110: 湖北省咸宁市通城县麦市镇三岔街22号 | E110: 朱存智 | F110: 该项目装机容量为49.64千瓦，占用屋顶面积125平方米，购置68块730的光伏板，逆变器，并网箱及支架采用钢架棚形式安装。 | G110: 新建 | H110: 17 | I110: 光伏发电项目备案 | J110: 2601-421222-04-01-328426 | K110: 2026-01-10 | L110: 徐玲; | M110: 15926934391 | N110: 私营企业 | O110: 2026-01至2026-01
A111: 107 | B111: 通城晟新禹光伏科技有限公司 | C111: 通城晟新禹光伏科技有限公司湖北省咸宁市通城县麦市镇七里村六组38号郑平屋顶光伏发电项目 | D111: 湖北省咸宁市通城县麦市镇七里村六组38号 | E111: 朱存智 | F111: 该项目装机容量为21.45千瓦，占用屋顶面积125平方米，购置30块715的光伏板，逆变器，并网箱及支架采用钢架棚形式安装。 | G111: 新建 | H111: 8 | I111: 光伏发电项目备案 | J111: 2601-421222-04-01-174328 | K111: 2026-01-10 | L111: 徐玲; | M111: 15926934391 | N111: 私营企业 | O111: 2026-01至2026-01
A112: 108 | B112: 通城县教育中心 | C112: 通城县职业技术教育中心产教融合第三期工程 | D112: 通城县隽水镇黄源路47号西南 | E112: 张添翼 | F112: 新征土地33亩，总建筑面积37586平方米。主要建设内容为：新建1栋实训综合楼（理实一体化教学楼、健康与养老实训楼、汽修专业实训楼），建筑面积14100平方米；新建图书馆1栋，建筑面积4850平方米；新建学生宿舍和教师周转房，建筑面积10500平方米；新建门卫室136平方米；扩建食堂2000平方米；地下室建筑面积6000平方米（其中，人防工程建筑面积2700平方米，停车场及设备用房建筑面积3300平方米）。 配套建设汽修专业实训基地3300平方米，灯光球场900平方米；围墙、排水排污、道路及刷黑、强弱电、绿化等。 购置电子商务等11个专业实训室教育教学设施设备约1600台（件），购置多媒体教学设备148套（含智慧黑板28块、智能物联教学终端120套）；配置录播系统5套、VR虚拟仿真实训设备4套；配置图书馆自助借还设备2台及数字阅览室设备1套；建设数字化教学资源库1套；配置教学管理软件系统5套（含教务管理、教师服务、家校沟通、图书馆管理、教师档案管理）、校园统一管理平台1套；配置教学辅助工具5套（含备课、作业批改、学业评测、心理健康测评、虚拟实验）；升级校园安防系统1套，整合监控点位12 | G112: 新建 | H112: 17507.48 | I112: 政府投资项目可行性研究报告或实施方案审批 | J112: 隽发改审批【2026】28号 | K112: 2026-01-30 | L112: 徐良 | M112: 18607244167 | N112: 事业单位 | O112: 2026-04至2028-10
A113: 109 | B113: 何金辉 | C113: 湖北省咸宁市通城县马港镇界上村五组黎红裕屋顶光伏发电项目 | D113: 马港镇界上村五组 | E113: 何金辉 | F113: 该项目装机容量为32.13kwp，占用屋顶面积平方米，购置54块595瓦光伏板，逆变器并网箱及支架，采用钢架棚形式安装。 | G113: 新建 | H113: 12.85 | I113: 光伏发电项目备案 | J113: 2601-421222-04-05-357652 | K113: 2026-01-30 | L113: 何金辉 | M113: 19071333888 | N113: 个人 | O113: 2026-01至2026-01
A114: 110 | B114: 通城县住房和城乡建设局 | C114: 通城县湘汉社区西门组片区城市危旧房改造项目 | D114: 通城县隽水镇 | E114: 汪四国 | F114: 该项目拟对通城县隽水镇湘汉社区西门组片区危旧房进行改造，项目建设总用地面积255.27m2，建设内容主要包括：1.拆除现有破旧房屋，拆除总建筑面积约900.92m2；2.项目新建总建筑面积1060m2，其中住宅建筑面积1060m2（新建“住宅”二栋，一栋为3层一栋为4层）；3.配套建设相关附属工程及室外公共基础设施建设，包括给排水工程、强弱电工程、燃气工程、道路、化粪池等。 | G114: 改建 | H114: 513.88 | I114: 政府投资项目初步设计审批 | J114: 隽发改审批〔2026〕30号 | K114: 2026-01-31 | L114: 付陈健 | M114: 13986127262 | N114: 政府机关 | O114: 2026-03至2027-02
A115: 111 | B115: 通城县住房和城乡建设局 | C115: 通城县九宫路片区城市危旧房改造项目 | D115: 通城县隽水镇 | E115: 汪四国 | F115: 1.房屋改造：项目建设规划用地6828.72m2，拆除现有房屋，拆除建筑面积8751.92m2，新建“高层住宅”二栋，一栋为地下一层，地上17层，一栋为地下一层，地上10层，建筑总占地面积2545.72m2，总建筑面积23320.46m2，其中计容总建筑面积21184.45m2（住宅建筑面积20394.67m2，配套用房建筑面积789.78m2），不计容总建筑面积2136.01m2（地下室建筑面积2136.01m2），配套建设室外公共基础设施及相关附属工程。2.配套道路改造：原路面拆除6620m2，路基挖方9930m2，路基填方3310m2、余方弃置6620m2；新建人行道940m2，车行道5680m2；新建敷设给水管812m、雨水管580m、污水管870m、电力排管1044m、通线管696m、燃气管1160m等；3.其他工程：新建消防登高面960m2、沥青道路1128m2、植草砖停车位316m2，道路刷黑4689m2，绿化补种220m2，桥梁拓宽212m2，新建路口标牌、凹镜，过河铸铁管道迁移等。 | G115: 改建 | H115: 9172.58 | I115: 政府投资项目初步设计审批 | J115: 隽发改审批〔2026〕31号 | K115: 2026-01-31 | L115: 付陈健 | M115: 13986127262 | N115: 政府机关 | O115: 2026-03至2028-12
A116: 112 | B116: 通城县住房和城乡建设局 | C116: 通城县旭红片区城市危旧房改造项目 | D116: 通城县隽水镇 | E116: 汪四国 | F116: 该项目拟对通城县隽水镇旭红片区危旧房进行危旧房改造，项目建设总用地面积6347.52m2，建设内容主要包括：1.拆除现有破旧房屋，拆除总建筑面积约7000m2；2.项目新建总建筑面积9223.80m2，其中住宅建筑面积8254.80m2（为多层住宅，由“3层”与“3层+架空层”的住宅构建），架空层面积954m2，配电房面积15m2；3.配套建设室外公共基础设施及相关附属工程，包括室外道路、绿化工程、给排水工程、强弱电工程、燃气工程、消防工程、排水渠等。 | G116: 改建 | H116: 3600.4 | I116: 政府投资项目初步设计审批 | J116: 隽发改审批〔2026〕29号 | K116: 2026-01-31 | L116: 付陈健 | M116: 13986127262 | N116: 政府机关 | O116: 2026-03至2027-02
A117: 113 | B117: 中国石化销售股份有限公司湖北咸宁通城石油分公司 | C117: 中国石化通城通界西加油站LNG改造项目 | D117: 咸宁市通城县五里镇五里村8组 | E117: 王金龙 | F117: 新建2台单枪加液机，采购LNG成套设备及系统 | G117: 新建 | H117: 350 | I117: 企业投资项目备案 | J117: 2601-421222-04-01-453138 | K117: 46050 | O117: 2026-03至2026-04
A118: 114 | B118: 中国石化销售股份有限公司湖北咸宁通城石油分公司 | C118: 中国石化通城通界东加油站LNG改造项目 | D118: 咸宁市通城县五里镇五里村8组 | E118: 王金龙 | F118: 加油站新建2台LNG单枪加液机，采购LNG成套设备及系统。 | G118: 新建 | H118: 350 | I118: 企业投资项目备案 | J118: 2601-421222-04-01-562222 | K118: 2026-01-28 | O118: 2026-03至2026-04
A119: 115 | B119: 湖北科染生物科技有限公司 | C119: 明智病理特殊染色机及配套试剂研发项目 | D119: 开发区 | E119: 叶伦 | F119: 选址在开发区，租赁2500㎡标准化厂房，总投资1.05亿元，主要研发、生产病理特殊染色机及配套试剂。 | G119: 新建 | H119: 10500 | I119: 企业投资项目备案 | J119: 2601-421222-04-01-597404 | K119: 2026-01-28 | O119: 2026-01至2026-10
A120: 116 | B120: 通城县文化和旅游局(通城县广播电视局、通城县体育局） | C120: 湖北省药姑山古瑶村4A级景区智慧化项目(大内旅游公路及道路配套设施) | D120: 通城县大坪乡 | E120: 黄奇峰 | F120: 项目主要建设内容包括：新建大内旅游公路2.2公里，公路等级为双向两车道二级公路，设计时速60km/h，路基宽度12米，配套建设道班房等。 | G120: 新建 | H120: 5000 | I120: 政府投资项目初步设计审批 | J120: 隽发改审批〔2026〕27号 | K120: 2026-01-29 | L120: 葛凌宇; | M120: 15027366749 | N120: 政府机关 | O120: 2025-12至2026-11
A121: 117 | B121: 湖北全芯微半导体有限公司 | C121: 先进封装集成电路项目 | D121: 湖北省咸宁市通城县隽水镇新塔村芯美路66号 | E121: 刘陵刚 | F121: 1.项目拟用地47014.62㎡；2.项目总建筑面积56435㎡，建厂房4栋，办公楼1栋、宿舍楼1栋、生产污水处理站1栋、气站1栋、消防泵房1栋、门房2栋； 3.项目分三期建成；一期期投资10亿元建设厂房46690㎡、办公及宿舍8680㎡、消防污水及其他建设1065㎡，拟投生产线20条。 | G121: 新建 | H121: 200000 | I121: 企业投资项目备案 | J121: 2601-421222-04-01-734953 | K121: 2026-01-27 | O121: 2026-05至2027-12
A122: 118 | B122: 通城县民政局 | C122: 通城县未成年人保护中心附属工程项目 | D122: 通城县隽水镇金龙路 | E122: 杜欣艳 | F122: 本项目主要建设未成年人保护中心的室外道路、挡土墙、围墙、大门、室外排水等室外附属工程及购置专业设备、生活设施等。具体建设内容为：建设院内环形车道面积1041.2平方米，门厅前面和东面活动场地铺设花岗岩面积261.03平方米，植草砖停车位126平方米，院内环形车道收边路沿石长407米，院内绿化面积823.33平方米，院内北侧与消防大队交接处5米高浆砌石挡土墙长65米，门厅前面绿化带内3.5米高照壁墙长22米，2米高穿透式围墙长156.2米，铁艺大门1座，院内场地照明，给排水及其他附属工程。设备采购包括生活设施、信息化设备采购。 | G122: 新建 | H122: 629.39 | I122: 政府投资项目初步设计审批 | J122: 隽发改审批【2026】21号 | K122: 2026-01-23 | L122: 何斌 | M122: 15377154777 | N122: 政府机关 | O122: 2026-04至2026-12
A123: 119 | B123: 通城县住房和城乡建设局 | C123: 通城县湘汉社区西门组片区城市危旧房改造项目 | D123: 通城县隽水镇 | E123: 汪四国 | F123: 该项目拟对通城县隽水镇湘汉社区西门组片区危旧房进行改造，项目建设总用地面积255.27m2，建设内容主要包括：1.拆除现有破旧房屋，拆除总建筑面积约900.92m2；2.项目新建总建筑面积1060m2，其中住宅建筑面积1060m2（新建“住宅”二栋，一栋为3层一栋为4层）；3.配套建设相关附属工程及室外公共基础设施建设，包括给排水工程、强弱电工程、燃气工程、道路、化粪池等。 | G123: 改建 | H123: 457.09 | I123: 政府投资项目可行性研究报告或实施方案审批 | J123: 隽发改审批〔2026〕25号 | K123: 2026-01-25 | L123: 付陈健 | M123: 13986127262 | N123: 政府机关 | O123: 2026-03至2027-02
A124: 120 | B124: 通城县住房和城乡建设局 | C124: 通城县九宫路片区城市危旧房改造项目 | D124: 通城县隽水镇 | E124: 汪四国 | F124: 1.房屋改造：项目建设规划用地6828.72m2，拆除现有房屋，拆除建筑面积8751.92m2，新建“高层住宅”二栋，一栋为地下一层，地上17层，一栋为地下一层，地上10层，建筑总占地面积2545.72m2，总建筑面积23320.46m2，其中计容总建筑面积21184.45m2（住宅建筑面积20394.67m2，配套用房建筑面积789.78m2），不计容总建筑面积2136.01m2（地下室建筑面积2136.01m2），配套建设室外公共基础设施及相关附属工程。2.配套道路改造：原路面拆除6620m2，路基挖方9930m2，路基填方3310m2、余方弃置6620m2；新建人行道940m2，车行道5680m2；新建敷设给水管812m、雨水管580m、污水管870m、电力排管1044m、通线管696m、燃气管1160m等；3.其他工程：新建消防登高面960m2、沥青道路1128m2、植草砖停车位316m2，道路刷黑4689m2，绿化补种220m2，桥梁拓宽212m2，新建路口标牌、凹镜，过河铸铁管道迁移等。 | G124: 改建 | H124: 9201.89 | I124: 政府投资项目可行性研究报告或实施方案审批 | J124: 隽发改审批〔2026〕26号 | K124: 2026-01-25 | L124: 付陈健 | M124: 13986127262 | N124: 政府机关 | O124: 2026-03至2028-02
A125: 121 | B125: 通城县住房和城乡建设局 | C125: 通城县旭红片区城市危旧房改造项目 | D125: 通城县隽水镇 | E125: 汪四国 | F125: 该项目拟对通城县隽水镇旭红片区危旧房进行危旧房改造，项目建设总用地面积6347.52m2，建设内容主要包括：1.拆除现有破旧房屋，拆除总建筑面积约7000m2；2.项目新建总建筑面积9223.80m2，其中住宅建筑面积8254.80m2（为多层住宅，由“3层”与“3层+架空层”的住宅构建），架空层面积954m2，配电房面积15m2；3.配套建设室外公共基础设施及相关附属工程，包括室外道路、绿化工程、给排水工程、强弱电工程、燃气工程、消防工程、排水渠等。 | G125: 改建 | H125: 3577.18 | I125: 政府投资项目可行性研究报告或实施方案审批 | J125: 隽发改审批〔2026〕24号 | K125: 2026-01-25 | L125: 付陈健 | M125: 13986127262 | N125: 政府机关 | O125: 2026-03至2027-02
A126: 122 | B126: 通城县水利和湖泊局（通城县河湖长制办公室） | C126: 湖北省通城县阁壁水库清淤试点项目 | D126: 通城县塘湖镇阁壁村 | E126: 黎记明 | F126: 对水库校核洪水位169.06m至死水位148m库区范围清淤57万立方米并对清出的淤积物进行资源化利用。 | G126: 改建 | H126: 4000 | I126: 政府投资项目建议书审批 | J126: 隽发改审批〔2026〕20号 | K126: 2026-01-21 | L126: 夏禹 | M126: 19371193750 | N126: 政府机关 | O126: 2026-09至2027-08
A127: 123 | B127: 通城县经开园区管理有限公司 | C127: 通城石南高新示范产业园樊店和牌合安置点基础设施改造项目 | D127: 通城县石南镇樊店村和牌合村安置点 | E127: 吴刚 | F127: 该项目为牌合村、樊店村两个安置点基础设施改造工程。主要建设内容为：1、牌合村安置点：篮球场464㎡；沥青道路新建1244.97㎡；既有道路刷黑1112.22㎡；铺装工程770.86㎡；绿化工程652.47㎡；雨水、污水管网及室外照明工程。2、樊店村安置点：道路拓宽硬化1344.08㎡；道路硬化1785.70㎡；铺装工程248.77㎡；绿化工程2310.27㎡。 | G127: 改建 | H127: 362 | I127: 政府投资项目建议书审批 | J127: 隽发改审批〔2026〕22号 | K127: 2026-01-23 | L127: 夏彬 | M127: 13971243536 | N127: 国有及国有控股企业 | O127: 2026-03至2026-08
A128: 124 | B128: 通城县交通运输局 | C128: 通城县花园路工程建设项目 | D128: 通城县隽水镇 | E128: 吴红艳 | F128: 项目位于湖北省通城县隽水镇境内，花园路为东西走向，起于双龙路，沿线与黄源路、民主北路、陆家冲路交叉，止于玉立大道，全长约1.831Km。按双向两车道二级公路（兼顾市政功能）标准建设，设计时速为40km/h，设计路基宽度12米，布置5处十字形平面交叉。项目计划分两期建设，一期建设双龙路至民主北路段约600米，二期建设民主北路至玉立大道段约1230米。 | G128: 新建 | H128: 9800 | I128: 政府投资项目建议书审批 | J128: 隽发改审批〔2026〕23号 | K128: 2026-01-23 | L128: 张威 | M128: 18671513052 | N128: 政府机关 | O128: 2026-03至2030-02
A129: 125 | B129: 通城县博庭新能源科技有限公司 | C129: 通城县 大坪乡农林村十一组63号 魏凤连 分布式屋顶光伏发电项目 | D129: 通城县 大坪乡农林村十一组63号 | E129: 陈红梅 | F129: 该项目装机容量为59.04千瓦，占用房顶面积268平方米，购置82块720瓦光伏板，逆变器，并网箱及支架，采用钢架棚形式安装。 | G129: 新建 | H129: 14.81 | I129: 光伏发电项目备案 | J129: 2601-421222-04-01-483241 | K129: 2026-01-19 | L129: 黄荣; | M129: 15997954307 | N129: 私营企业 | O129: 2026-01至2026-01
A130: 126 | B130: 通城县博庭新能源科技有限公司 | C130: 通城县 塘湖镇雷吼村二组64号 刘尔玉 分布式屋顶光伏发电项目 | D130: 通城县 塘湖镇雷吼村二组64号 | E130: 陈红梅 | F130: 该项目装机容量为36千瓦，占用房顶面积163平方米，购置50块720瓦光伏板，逆变器，并网箱及支架，采用钢架棚形式安装。 | G130: 新建 | H130: 9 | I130: 光伏发电项目备案 | J130: 2601-421222-04-01-407011 | K130: 2026-01-19 | L130: 黄荣; | M130: 15997954307 | N130: 私营企业 | O130: 2026-01至2026-01
A131: 127 | B131: 通城县晖盈新能源科技有限公司 | C131: 通城县 麦市镇金麦村五组3号 凡柳员 分布式屋顶光伏发电项目 | D131: 通城县 麦市镇金麦村五组3号 | E131: 樊燕河 | F131: 该项目装机容量为30.66千瓦，占用房顶面积139平方米，购置42块730瓦光伏板，逆变器，并网箱及支架，采用钢架棚形式安装。 | G131: 新建 | H131: 7.69 | I131: 光伏发电项目备案 | J131: 2601-421222-04-01-113606 | K131: 2026-01-19 | L131: 黄荣; | M131: 15997954307 | N131: 私营企业 | O131: 2026-01至2026-01
A132: 128 | B132: 通城晟新禹光伏科技有限公司 | C132: 通城晟新禹光伏科技有限公司湖北省咸宁市通城县麦市镇七里村陈英华屋顶光伏发电项目 | D132: 湖北省咸宁市通城县麦市镇七里村 | E132: 朱存智 | F132: 该项目装机容量为42.775千瓦，占用屋顶面积109平方米，购置59块单晶光伏板，逆变器，并网箱及支架采用钢架相形式安装。 | G132: 新建 | H132: 19.24 | I132: 光伏发电项目备案 | J132: 2601-421222-04-01-662347 | K132: 46041 | L132: 程丽萍; | M132: 13397125057 | N132: 私营企业 | O132: 2026-01至2026-01
A133: 129 | B133: 通城晟新禹光伏科技有限公司 | C133: 通城晟新禹光伏科技有限公司湖北省咸宁市通城县大坪乡方仕村七组35号胡华丽屋顶光伏发电项目 | D133: 湖北省咸宁市通城县大坪乡方仕村七组35号 | E133: 朱存智 | F133: 该项目装机容量为38.61千瓦，占用屋顶面积125平方米，购置54块715的光伏板，逆变器，并网箱及支架采用钢架棚形式安装。 | G133: 新建 | H133: 13.5 | I133: 光伏发电项目备案 | J133: 2601-421222-04-01-334658 | K133: 2026-01-16 | L133: 黎林; | M133: 15757088508 | N133: 私营企业 | O133: 2026-01至2026-01
A134: 130 | B134: 通城晟新禹光伏科技有限公司 | C134: 通城晟新禹光伏科技有限公司湖北省咸宁市通城县麦市镇长冲村一组51号葛三兵屋顶光伏发电项目 | D134: 湖北省咸宁市通城县麦市镇长冲村一组51号 | E134: 朱存智 | F134: 该项目装机容量为25.74千瓦，占用屋顶面积125平方米，购置36块715的光伏板，逆变器，并网箱及支架采用钢架棚形式安装。 | G134: 新建 | H134: 9 | I134: 光伏发电项目备案 | J134: 2601-421222-04-01-171692 | K134: 2026-01-16 | L134: 黎林; | M134: 15757088508 | N134: 私营企业 | O134: 2026-01至2026-01
A135: 131 | B135: 通城晟新禹光伏科技有限公司 | C135: 通城晟新禹光伏科技有限公司湖北省咸宁市通城县隽水镇上阔村二组19号黎艳华屋顶光伏发电项目 | D135: 湖北省咸宁市通城县隽水镇上阔村二组19号 | E135: 朱存智 | F135: 该项目装机容量为32.175千瓦，占用屋顶面积125平方米，购置45块715的光伏板，逆变器，并网箱及支架采用钢架棚形式安装。 | G135: 新建 | H135: 11.25 | I135: 光伏发电项目备案 | J135: 2601-421222-04-01-918900 | K135: 2026-01-16 | L135: 黎林; | M135: 15757088508 | N135: 私营企业 | O135: 2026-01至2026-01
A136: 132 | B136: 通城晟新禹光伏科技有限公司 | C136: 通城晟新禹光伏科技有限公司湖北省咸宁市通城县北港镇方段村一组102号胡文中屋顶光伏发电项目 | D136: 湖北省咸宁市通城县北港镇方段村一组102号 | E136: 朱存智 | F136: 该项目装机容量为40.755千瓦，占用屋顶面积125平方米，购置57块715的光伏板，逆变器，并网箱及支架采用钢架棚形式安装。 | G136: 新建 | H136: 12.25 | I136: 光伏发电项目备案 | J136: 2601-421222-04-01-871868 | K136: 2026-01-16 | L136: 黎林; | M136: 15757088508 | N136: 私营企业 | O136: 2026-01至2026-01
A137: 133 | B137: 通城晟新禹光伏科技有限公司 | C137: 通城晟新禹光伏科技有限公司湖北省咸宁市通城县石南镇街道社区福人大道79号李延求屋顶光伏发电项目 | D137: 湖北省咸宁市通城县石南镇街道社区福人大道79号 | E137: 朱存智 | F137: 该项目装机容量为35.035千瓦，占用屋顶面积125平方米，购置49块715的光伏板，逆变器，并网箱及支架采用钢架棚形式安装。 | G137: 新建 | H137: 12.25 | I137: 光伏发电项目备案 | J137: 2601-421222-04-01-593503 | K137: 2026-01-16 | L137: 黎林; | M137: 15757088508 | N137: 私营企业 | O137: 2026-01至2026-01
A138: 134 | B138: 通城晟新禹光伏科技有限公司 | C138: 湖北省咸宁市通城县石南镇仙姑村牛楼8组23号万淼屋顶光伏发电项目 | D138: 湖北省咸宁市通城县石南镇仙姑村牛楼8组23号 | E138: 朱存智 | F138: 该项目装机容量为31.46千瓦，占用屋顶面积120平方米，购置48块光伏板，逆变器，并网箱及支架采用钢架相形式安装。 | G138: 新建 | H138: 27 | I138: 光伏发电项目备案 | J138: 2601-421222-04-05-129909 | K138: 2026-01-16 | L138: 王仲燕; | M138: 18871519330 | N138: 私营企业 | O138: 2026-01至2026-01
A139: 135 | B139: 通城晟新禹光伏科技有限公司 | C139: 湖北省咸宁市通城县隽水镇雁塔社区雁塔小区二巷102-2号黎云生屋顶光伏发电项目 | D139: 湖北省咸宁市通城县隽水镇雁塔社区雁塔小区二巷102-2号 | E139: 朱存智 | F139: 该项目装机容量为44.95千瓦，占用屋顶面积150平方米，购置62块光伏板，逆变器，并网箱及支架采用钢架相形式安装。 | G139: 新建 | H139: 12 | I139: 光伏发电项目备案 | J139: 2601-421222-04-05-329881 | K139: 2026-01-16 | L139: 王仲燕; | M139: 18871519330 | N139: 私营企业 | O139: 2026-01至2026-01
A140: 136 | B140: 通城晟新禹光伏科技有限公司 | C140: 湖北省咸宁市通城县隽水镇雁塔社区雁塔小区二巷102号黎小龙屋顶光伏发电项目 | D140: 湖北省咸宁市通城县隽水镇雁塔社区雁塔小区二巷102号 | E140: 朱存智 | F140: 该项目装机容量为58千瓦，占用屋顶面积210平方米，购置80块光伏板，逆变器，并网箱及支架采用钢架相形式安装。 | G140: 新建 | H140: 16 | I140: 光伏发电项目备案 | J140: 2601-421222-04-05-198820 | K140: 2026-01-16 | L140: 王仲燕; | M140: 18871519330 | N140: 私营企业 | O140: 2026-01至2026-01
A141: 137 | B141: 通城晟新禹光伏科技有限公司 | C141: 湖北省咸宁市通城县隽水镇石泉村四组13号胡大金屋顶光伏发电项目 | D141: 湖北省咸宁市通城县隽水镇石泉村四组13号 | E141: 朱存智 | F141: 该项目装机容量为44.95千瓦，占用屋顶面积150平方米，购置62块光伏板，逆变器，并网箱及支架采用钢架相形式安装。 | G141: 新建 | H141: 12 | I141: 光伏发电项目备案 | J141: 2601-421222-04-05-879691 | K141: 2026-01-16 | L141: 王仲燕; | M141: 18871519330 | N141: 私营企业 | O141: 2026-01至2026-01
A142: 138 | B142: 通城晟新禹光伏科技有限公司 | C142: 湖北省咸宁市通城县隽水镇旭红社区三组旭红路6巷49号聂明华屋顶光伏发电项目 | D142: 通城县隽水镇旭红社区三组旭红路6巷49号 | E142: 朱存智 | F142: 该项目装机容量为39.875千瓦，占用屋顶面积140平方米，购55块光伏板，逆变器，并网箱及支架采用钢架相形式安装。 | G142: 新建 | H142: 11 | I142: 光伏发电项目备案 | J142: 2601-421222-04-05-970540 | K142: 2026-01-16 | L142: 王仲燕; | M142: 18871519330 | N142: 私营企业 | O142: 2026-01至2026-01
A143: 139 | B143: 通城晟新禹光伏科技有限公司 | C143: 湖北省咸宁市通城县隽水镇旭红社区解放东路20号黎逢保屋顶光伏发电项目 | D143: 湖北省咸宁市通城县隽水镇旭红社区解放东路20号 | E143: 朱存智 | F143: 该项目装机容量为71.775千瓦，占用屋顶面积260平方米，购置99块光伏板，逆变器，并网箱及支架采用钢架相形式安装。 | G143: 新建 | H143: 20 | I143: 光伏发电项目备案 | J143: 2601-421222-04-05-923325 | K143: 2026-01-16 | L143: 王仲燕; | M143: 18871519330 | N143: 私营企业 | O143: 2026-01至2026-01
A144: 140 | B144: 通城晟新禹光伏科技有限公司 | C144: 湖北省咸宁市通城县隽水镇油坊村十三组13-3号廖正华屋顶光伏发电项目 | D144: 湖北省咸宁市通城县隽水镇油坊村十三组13-3号 | E144: 朱存智 | F144: 该项目装机容量为47.85千瓦，占用屋顶面积170平方米，购置66块光伏板，逆变器，并网箱及支架采用钢架相形式安装。 | G144: 新建 | H144: 13 | I144: 光伏发电项目备案 | J144: 2601-421222-04-05-993049 | K144: 2026-01-16 | L144: 王仲燕; | M144: 18871519330 | N144: 私营企业 | O144: 2026-01至2026-01
... A214: 210 | B214: 通城县城市管理执法局 | C214: 通城县城市公园广场基础设施更新工程 | D214: 通城县城区 | E214: 刘亚斌 | F214: 该项目涉及通城县隽水镇辖区内4座城市公园广场，具体为银山广场面积63900平方米（约95.85亩）、雁塔广场面积21000平方米（约31.5亩）、秀水公园面积104247平方米（约156.37亩）、滨河公园面积39000平方米（约58.5亩），工程建设围绕基础设施维修更新展开，重点实施五大类工程。 | G214: 改建 | H214: 1893.24 | I214: 政府投资项目初步设计审批 | J214: 隽发改审批〔2026〕14号 | K214: 2026-01-15 | L214: 何娟 | M214: 17364243900 | N214: 政府机关 | O214: 2026-01至2026-12
A215: 211 | B215: 通城县大坪乡沙口村村民委员会 | C215: 通城县大坪乡沙口村2026年基础设施建设以工代赈项目 | D215: 湖北省咸宁市通城县大坪乡沙口村 | E215: 吴柏雄 | F215: 沟渠清淤1878米，2米高沟渠单边挡土墙护砌1854.72立方米（长度552米），2.5米高沟渠单边挡土墙护砌3606.4立方米（长度980米），水塘整治3口 | G215: 新建 | H215: 389.65 | I215: 政府投资项目建议书审批 | J215: 隽发改审批〔2026〕6号 | K215: 46036 | L215: 吴幸其 | M215: 18171868667 | N215: 社区/村委会 | O215: 2026-07至2027-06
A216: 212 | B216: 咸宁泰苏新能源有限责任公司 | C216: 咸宁市通城县五里镇五里村三组朱林松屋顶建设26.46千瓦分布式光伏发电项目 | D216: 五里镇五里村三组 | E216: 甄真 | F216: 该项目装机容量为26.46千瓦，占用房顶面积108平方米，购置36块735瓦光伏板，25千瓦逆变器一台，并网箱及支架，采用钢架棚形式安装。 | G216: 新建 | H216: 7.94 | I216: 光伏发电项目备案 | J216: 2601-421222-04-01-655026 | K216: 2026-01-13 | L216: 肖盼; | M216: 15800398127 | N216: 私营企业 | O216: 2026-01至2026-02
A217: 213 | B217: 咸宁泰苏新能源有限责任公司 | C217: 咸宁市通城县五里镇五里村一组李福海屋顶建设29.4kWp分布式光伏发电项目 | D217: 通城县五里镇五里村一组 | E217: 甄真 | F217: 该项目装机容量为29.4kWp，占用房顶面积120平方米，购置40块735瓦光伏板，逆变器，30kW并网箱及支架，采用钢架棚形式安装。 | G217: 新建 | H217: 8.82 | I217: 光伏发电项目备案 | J217: 2601-421222-04-01-576570 | K217: 2026-01-13 | L217: 肖盼; | M217: 15800398127 | N217: 私营企业 | O217: 2026-01至2026-02
A218: 214 | B218: 湖北中聪智能装备有限公司 | C218: 中聪智能装备1200kW光伏发电项目 | D218: 通城县隽水镇新塔社区 | E218: 刘文聪 | F218: 项目建设总装机容量1495.44kW，交流并网容量1200kW，使用2412块620W光伏组件，占用面积11190平方米，项目资金共350万元。 | G218: 技改及其他 | H218: 350 | I218: 光伏发电项目备案 | J218: 2601-421222-04-05-817905 | K218: 2026-01-13 | L218: 李嘉康; | M218: 15172734910 | N218: 私营企业 | O218: 2026-02至2026-05
A219: 215 | B219: 通城县住房和城乡建设局 | C219: 通城县2026年老旧小区改造工程 | D219: 通城县隽水镇 | E219: 汪四国 | F219: 项目拟对通城县隽水镇进行老旧小区基础设施改造，涉及改造有：金隽片区（隽园小区、金龙小区）、湘湾片区（宝塔六巷小区、湘汉茶厂小区、下湾头小区）、和福片区（武家垅小区、家和小区、家福小区、玉秀苑小区、老一中小区）、菖交片区（交投小区、菖蒲小区）、元康片区（邓家路小区、元宝嘴小区、翰林花园小区、康泉小区）共5个片区16个小区，楼房栋数1316栋，总住户数9023户，房屋总建筑面积992128m2。主要改造内容如下：供水管道改造42060m，供电管线改造32841m，供气管道改造31640m，排水管道改造96900m，通信管道改造45410m，道路改造286762m2，新建充电桩59座，照明设施1128盏，绿化改造28880m2，房屋公共区域修缮70166m2，建筑节能改造96019m2，新建养老抚幼服务设施1600m2，便民市场5个，公共场地建设17402m2，停车位561个，实现无障碍环境改造16项，智慧化改造16项及其他相关配套工程。 | G219: 改建 | H219: 34911.49 | I219: 政府投资项目初步设计审批 | J219: 隽发改审批〔2026〕7号 | K219: 2026-01-14 | L219: 付陈健 | M219: 13986127262 | N219: 政府机关 | O219: 2025-12至2027-12
A220: 216 | B220: 通城县晖盈新能源科技有限公司 | C220: 通城县 关刀镇官塘社区二组26号 葛海桃 分布式屋顶光伏发电项目 | D220: 通城县 关刀镇官塘社区二组26号 | E220: 樊燕河 | F220: 该项目装机容量为25.56千瓦，占用房顶面积116平方米，购置36块710瓦光伏板，逆变器，并网箱及支架，采用钢架棚形式安装。 | G220: 新建 | H220: 7.48 | I220: 光伏发电项目备案 | J220: 2601-421222-04-01-146775 | K220: 2026-01-12 | L220: 黄荣; | M220: 15997954307 | N220: 私营企业 | O220: 2026-01至2026-01
A221: 217 | B221: 通城晟新禹光伏科技有限公司 | C221: 通城晟新禹光伏科技有限公司湖北省咸宁市通城县塘湖镇六组13号刘月辉屋顶光伏发电项目 | D221: 湖北省咸宁市通城县塘湖镇六组13号 | E221: 朱存智 | F221: 该项目装机容量为33.605千瓦，占用屋顶面积85平方米，购置47块单晶光伏板，逆变器，并网箱及支架采用钢架相形式安装。 | G221: 新建 | H221: 15.12 | I221: 光伏发电项目备案 | J221: 2601-421222-04-01-758948 | K221: 2026-01-12 | L221: 程丽萍; | M221: 13397125057 | N221: 私营企业 | O221: 2026-01至2026-01
A222: 218 | B222: 赤壁市楠晟光伏科技有限公司 | C222: 赤壁市楠晟光伏科技有限公司湖北省咸宁市通城县塘湖镇龙印村10组5号夏中苏屋顶光伏发电项目 | D222: 湖北省咸宁市通城县塘湖镇龙印村10组5号 | E222: 王芳 | F222: 该项目装机容量为32.85千瓦，占用屋顶面积83平方米，购置45块单晶光伏板，逆变器，并网箱及支架采用钢架相形式安装。 | G222: 新建 | H222: 14.78 | I222: 光伏发电项目备案 | J222: 2601-421222-04-01-324443 | K222: 2026-01-12 | L222: 黄琪; | M222: 15607243914 | N222: 私营企业 | O222: 2026-01至2026-01
A223: 219 | B223: 赤壁市楠晟光伏科技有限公司 | C223: 赤壁市楠晟光伏科技有限公司湖北省咸宁市通城县北港镇长青社区友谊路74号胡二荣屋顶光伏发电项目 | D223: 湖北省咸宁市通城县北港镇长青社区友谊路74号 | E223: 王芳 | F223: 该项目装机容量为30.745千瓦，占用屋顶面积78平方米，购置43块单晶光伏板，逆变器，并网箱及支架采用钢架相形式安装。 | G223: 新建 | H223: 13.84 | I223: 光伏发电项目备案 | J223: 2601-421222-04-01-209039 | K223: 2026-01-12 | L223: 黄琪; | M223: 15607243914 | N223: 私营企业 | O223: 2026-01至2026-01
A224: 220 | B224: 赤壁市楠晟光伏科技有限公司 | C224: 赤壁市楠晟光伏科技有限公司湖北省咸宁市通城县马港镇何婆桥村武长路36号程国荣屋顶光伏发电项目 | D224: 湖北省咸宁市通城县马港镇何婆桥村武长路36号 | E224: 王芳 | F224: 该项目装机容量为25.55千瓦，占用屋顶面积65平方米，购置35块单晶光伏板，逆变器，并网箱及支架采用钢架相形式安装。 | G224: 新建 | H224: 11.5 | I224: 光伏发电项目备案 | J224: 2601-421222-04-01-370896 | K224: 2026-01-12 | L224: 黄琪; | M224: 15607243914 | N224: 私营企业 | O224: 2026-01至2026-01
A225: 221 | B225: 赤壁市楠晟光伏科技有限公司 | C225: 赤壁市楠晟光伏科技有限公司湖北省咸宁市通城县马港镇中段村十组16号刘兴高屋顶光伏发电项目 | D225: 湖北省咸宁市通城县马港镇中段村十组16号 | E225: 王芳 | F225: 该项目装机容量为32.85千瓦，占用屋顶面积91平方米，购置45块单晶光伏板，逆变器，并网箱及支架采用钢架相形式安装。 | G225: 新建 | H225: 16.1 | I225: 光伏发电项目备案 | J225: 2601-421222-04-01-734363 | K225: 2026-01-12 | L225: 黄琪; | M225: 15607243914 | N225: 私营企业 | O225: 2026-01至2026-01
A226: 222 | B226: 通城晟新禹光伏科技有限公司 | C226: 通城晟新禹光伏科技有限公司湖北省咸宁市通城县关刀镇白马村三组55号吴正良屋顶光伏发电项目 | D226: 湖北省咸宁市通城县关刀镇白马村三组55号 | E226: 朱存智 | F226: 该项目装机容量为39.42千瓦，占用屋顶面积125平方米，购置54块730的光伏板，逆变器，并网箱及支架采用钢架棚形式安装。 | G226: 新建 | H226: 14 | I226: 光伏发电项目备案 | J226: 2601-421222-04-01-102516 | K226: 2026-01-12 | L226: 徐玲; | M226: 15926934391 | N226: 私营企业 | O226: 2026-01至2026-01
A227: 223 | B227: 通城县博庭新能源科技有限公司 | C227: 通城县 隽水镇银城社区三组10号 徐鹤甫 分布式屋顶光伏发电项目 | D227: 通城县 隽水镇银城社区三组10号 | E227: 陈红梅 | F227: 该项目装机容量为33.84千瓦，占用房顶面积154平方米，购置47块720瓦光伏板，逆变器，并网箱及支架，采用钢架棚形式安装。 | G227: 新建 | H227: 8.49 | I227: 光伏发电项目备案 | J227: 2601-421222-04-01-915056 | K227: 2026-01-12 | L227: 黄荣; | M227: 15997954307 | N227: 私营企业 | O227: 2026-01至2026-01
... A250: 246 | B250: 通城县隽丰农产品投资有限公司 | C250: 通城县返乡农民创业就业基地 | D250: 通城县关刀镇、马港镇 | E250: 杨海兵 | F250: 本项目共计升级建设850亩农田农业配套，其中:含350亩共享设施农业智慧大棚提档升级，500亩园艺蔬菜实验基地配套基础设施建设；改造各类农业基础配套建筑面积56853㎡，其中：含改造农产品冷链物流产地仓建筑面积5126㎡，改造农产品加工检验检测实验室建筑面积2136㎡，改造园区数字化管理中心建筑面积3568㎡，改造农业科技成果转化试验基地建筑面积46023㎡（马港镇）。农业科技成果转化实验基地在马港镇，其余升级建设的农田农业配套及改造建筑均在关刀镇。 | G250: 改建 | H250: 20604.67 | I250: 政府投资项目可行性研究报告或实施方案审批 | J250: 隽发改审批〔2026〕5号 | K250: 2026-01-12 | L250: 黎旭 | M250: 18007244984 | N250: 国有及国有控股企业 | O250: 2026-04至2027-10
A251: 247 | B251: 通城县卫生健康局 | C251: 通城县紧密型医共体提标扩能建设项目 | D251: 通城县县域医共体成员单位 | E251: 聂雄 | F251: （一）对县域医共体信息系统进行提标扩能，其中包含医共体信息平台升级改造、医共体信息共享中心升级改造、医共体监管决策建设、基层AI诊疗中心、中心药房、审方中心、消毒供应中心建设等。购置心电图机、移动DR等医疗设备及AI算力服务器等308余台/件。 （二）对通城县麦市镇中心卫生院进行改扩建，总改扩建面积7817.90平方米，配套建设给排水、供配电、暖通、消防、道路等基础设施工程。 | G251: 新建 | H251: 9046 | I251: 政府投资项目建议书审批 | J251: 隽发改审批【2025】293号 | K251: 46081 | L251: 皮涛 | M251: 15972393111 | N251: 政府机关 | O251: 2026-03至2028-03
A252: 248 | B252: 咸宁市生态环境局通城县分局 | C252: 咸宁市通城县农用地土壤重金属污染源综合治理项目 | D252: 通城县塘湖镇 | E252: 刘从洋 | F252: 对通城县塘湖镇5处遗留Ι类废渣，建设挡土墙、排水沟等，对废渣堆体整形，采取就地封场方式进行风险管控，废渣占地面积54793 m2，总量约为33.7万m3。对塘湖镇重金属污染底泥46674m3，清挖后运至暂存场进行筛分、脱水干化处理，筛分出来的砂砾石资源化利用，产生的废水收集处理达标后排放，21678 m3干泥转运至废渣堆体一并封存处理。 | G252: 新建 | H252: 5048 | I252: 政府投资项目初步设计审批 | J252: 隽发改审批〔2026〕39号 | K252: 2026-02-28 | L252: 卢世雄 | M252: 18372749538 | N252: 政府机关 | O252: 2025-12至2026-11
A253: 249 | B253: 咸宁市生态环境局通城县分局 | C253: 咸宁市通城县农用地土壤重金属污染源综合治理项目 | D253: 通城县塘湖镇 | E253: 刘从洋 | F253: 对通城县塘湖镇5处遗留Ι类废渣，建设挡土墙、排水沟等，对废渣堆体整形，采取就地封场方式进行风险管控，废渣占地面积54793 m2，总量约为33.7万m3。对塘湖镇重金属污染底泥46674m3，清挖后运至暂存场进行筛分、脱水干化处理，筛分出来的砂砾石资源化利用，产生的废水收集处理达标后排放，21678 m3干泥转运至废渣堆体一并封存处理。 | G253: 新建 | H253: 5048 | I253: 政府投资项目可行性研究报告或实施方案审批 | J253: 隽发改审批〔2025〕406号 | K253: 2026-02-26 | L253: 卢世雄 | M253: 18372749538 | N253: 政府机关 | O253: 2025-12至2026-11
A254: 250 | B254: 通城县祥顺机电批发部 | C254: 通城县祥顺机电批发部160KW屋顶分布式光伏发电项目 | D254: 通城县大坪乡下畈村16组 | E254: 孔凡祥 | F254: 该项目装机容量为160千瓦，占用房顶面积500平方米、厂房550平方米，购置260块615瓦光伏板、逆变器，并网箱及支架，采用钢架棚形式安装。 | G254: 新建 | H254: 260 | I254: 光伏发电项目备案 | J254: 2602-421222-04-01-624492 | K254: 2026-02-25 | L254: 孔凡祥; | M254: 13339873888 | N254: 私营企业 | O254: 2026-03至2026-09
A255: 251 | B255: 通城县文化和旅游局（通城县广播电视局、通城县体育局） | C255: 通城县全民健身中心建设项目 | D255: 通城县隽水镇旭红路358号 | E255: 黄奇峰 | F255: 该项目占地面积20669.31平方米。建筑面积9877.91平方米，主要包括运动健身功能以及配套服务功能区，运动区由大空间健身房和小空间健身房组合而成，大空间健身房总建筑面积为5740.80平方米，建设篮球馆、排球馆、羽毛球馆、儿童体适能综合馆（体适能训练、感统训练、花样跳绳等）、室内攀岩等；小空间健身房总建筑面积为1226.44平方米，建设台球室、乒乓球室、基础健身房、体质检测室、单车教室、集体操房等；配套服务用房总建筑面积为2910.67平方米。机动车停车位100个，非机动车停车位300个。 | G255: 新建 | H255: 8382.92 | I255: 政府投资项目初步设计审批 | J255: 隽发改审批【2025】312号 | K255: 2026-02-25 | L255: 李亚 | M255: 17371537969 | N255: 政府机关 | O255: 2026-04至2028-05
A256: 252 | B256: 咸宁市生态环境局通城县分局 | C256: 咸宁市通城县农用地土壤重金属污染源综合治理项目 | D256: 通城县塘湖镇 | E256: 刘从洋 | F256: 对通城县塘湖镇5处遗留Ι类废渣，建设挡土墙、排水沟等，对废渣堆体整形，采取就地封场方式进行风险管控，废渣占地面积54793 m2，总量约为33.7万m3。对塘湖镇重金属污染底泥46674m3，清挖后运至暂存场进行筛分、脱水干化处理，筛分出来的砂砾石资源化利用，产生的废水收集处理达标后排放，21678 m3干泥转运至废渣堆体一并封存处理。 | G256: 新建 | H256: 5048 | I256: 政府投资项目建议书审批 | J256: 隽发改审批〔2025〕388号 | K256: 2026-02-24 | L256: 卢世雄 | M256: 18372749538 | N256: 政府机关 | O256: 2025-12至2026-11
A257: 253 | B257: 通城县文化和旅游局（通城县广播电视局、通城县体育局） | C257: 通城县全民健身中心建设项目 | D257: 通城县隽水镇旭红路358号 | E257: 黄奇峰 | F257: 该项目占地面积20669.31平方米。建筑面积9877.91平方米，主要包括运动健身功能以及配套服务功能区，运动区由大空间健身房和小空间健身房组合而成，大空间健身房总建筑面积为5740.80平方米，建设篮球馆、排球馆、羽毛球馆、儿童体适能综合馆（体适能训练、感统训练、花样跳绳等）、室内攀岩等；小空间健身房总建筑面积为1226.44平方米，建设台球室、乒乓球室、基础健身房、体质检测室、单车教室、集体操房等；配套服务用房总建筑面积为2910.67平方米。机动车停车位100个，非机动车停车位300个。 | G257: 新建 | H257: 8382.92 | I257: 政府投资项目可行性研究报告或实施方案审批 | J257: 隽发改审批【2025】231号 | K257: 2026-02-25 | L257: 李亚 | M257: 17371537969 | N257: 政府机关 | O257: 2026-04至2028-05
A258: 254 | B258: 通城县妇幼保健计划生育服务中心 | C258: 通城县妇幼保健院托育综合服务中心项目 | D258: 通城县隽水镇古龙社区15组 | E258: 汪华友 | F258: 项目占地面积14867.59平方米，总建筑面积10175.86平方米。具体建设内容为：新建托育服务用房4486.16平方米，建设托位150个；培训研发综合监督管理用房2638.35平方米；婴幼儿早期发展用房1007.44平方米，地下车库1893.91平方米；配电房150平方米；购置配套托育设施设备，建设活动场所、停车场、道路、绿化、水电、供配电、消防等附属配套工程。 | G258: 新建 | H258: 5085.77 | I258: 政府投资项目初步设计审批 | J258: 隽发改审批【2025】486号 | K258: 2026-02-24 | L258: 葛四平 | M258: 13476910277 | N258: 事业单位 | O258: 2026-05至2027-11
A259: 255 | B259: 通城县妇幼保健计划生育服务中心 | C259: 通城县妇幼保健院托育综合服务中心项目 | D259: 通城县隽水镇古龙社区15组 | E259: 汪华友 | F259: 项目占地面积14867.59平方米，总建筑面积10175.86平方米。具体建设内容为：新建托育服务用房4486.16平方米，建设托位150个；培训研发综合监督管理用房2638.35平方米；婴幼儿早期发展用房1007.44平方米，地下车库1893.91平方米；配电房150平方米；购置配套托育设施设备，建设活动场所、停车场、道路、绿化、水电、供配电、消防等附属配套工程。 | G259: 新建 | H259: 5085.77 | I259: 政府投资项目可行性研究报告或实施方案审批 | J259: 隽发改审批【2025】169号 | K259: 2026-02-14 | L259: 葛四平 | M259: 13476910277 | N259: 事业单位 | O259: 2026-05至2027-11
A260: 256 | B260: 通城县水利和湖泊局（通城县河湖长制办公室） | C260: 通城县隽水河省级幸福河湖建设项目 | D260: 通城县隽水河 | E260: 黎记明 | F260: 建设规模及内容：1、河湖生态功能修复；清淤疏浚10.5公里，岸坡治理0.5公里。 2、整治河湖突出问题；阻水片林清理1000平方米；河湖岸线侵占建筑物拆除1处及复绿草皮铺设3500平方米； 3、强化河湖管护；配备自动保洁船和无人机各1套，并新建自动保洁船停靠点；新增宣传牌30块，改造河湖长制主题公园1处；新增视频点位1处 。 | G260: 改建 | H260: 800 | I260: 政府投资项目建议书审批 | J260: 隽发改审批〔2026〕47号 | K260: 2026-02-14 | L260: 黄皇; | M260: 18972854865 | N260: 政府机关 | O260: 2026-03至2026-05
A261: 257 | B261: 通城县卫生健康局 | C261: 通城县县域医共体医疗卫生设备更新项目 | D261: 通城县人民医院、县疾病控制中心、县中医医院、关刀镇卫生院、麦市镇卫生院、塘湖镇卫生院。 | E261: 聂雄 | F261: 拟更新设备38台（套），其中：大型高端诊疗品目类（含DSA、神经外科手术显微镜、医用电子加速器、3D腹腔镜、全身彩超机）更新设备6台（套）、常规临床诊疗品目类（含超高频电刀、B型超声诊断仪、数字化X射线摄影设备、腹腔镜、全自动凝血测试仪、数码电子阴道镜、全自动免疫分析仪）更新设备8台（套）、检验分析品目类（含原子荧光分光光度计、原子吸收分光光谱仪、离子色谱仪、全自动生化分析仪、全自动酶免工作站、气相色谱仪、紫外/可见分光光度计、微生物鉴定质谱仪、多病原快速筛查鉴定系统、化学发光仪、流动注射仪、全自动二氧化硅测定仪、十万分之一天平、甲醛测定仪、生化培养箱、离心机、全自动血液细胞分析仪、尿液分析仪）更新设备22台（套）、基础辅助品目类（含高压灭菌器）更新设备2台（套）。淘汰同品目设备38台（套）。 | G261: 改建 | H261: 5865 | I261: 政府投资项目建议书审批 | J261: 隽发改审批【2026】46号 | K261: 2026-02-13 | L261: 皮涛; | M261: 15972393111 | N261: 政府机关 | O261: 2026-06至2027-06
A262: 258 | B262: 通城县教育局 | C262: 通城县隽水初级中学教学楼、综合楼及附属工程建设项目 | D262: 通城县隽水初级中学校园内 | E262: 胡翔宇 | F262: 该项目占地面积2500平方米，总建筑面积11850平方米。具体建设内容为：新建1栋四层综合楼，建筑面积 3300平方米；新建2栋五层教学楼，建筑面积6700平方米；新建1栋五层教学辅助用房，建筑面积1850平方米；校园整体消防、给排水管网、强弱电改造；场地硬化、绿化等附属工程，并购置实验仪器及教学设施设备。 | G262: 新建 | H262: 6350 | I262: 政府投资项目可行性研究报告或实施方案审批 | J262: 隽发改审批【2026】43号 | K262: 2026-02-12 | L262: 郑子聪 | M262: 18571625552 | N262: 政府机关 | O262: 2026-05至2028-04
A263: 259 | B263: 咸宁市生态环境局通城县分局 | C263: 通城县农村生活污水治理项目 | D263: 通城县 | E263: 刘从洋 | F263: （1）一期主要包括五里镇治全村3组、隽水镇油坊村19组、塘湖镇狼荷村2组和14组、大坪乡方仕村7组，共4个自然村，具体内容分为管道建设和污水处理设备。共建设污水处理设备15座，其中中小型一体化处理设施8座，庭院式资源化利用设施7座。 （2）二期主要包括关刀镇杨家村3组、关刀镇白马村4组、关刀镇八仙村1组、马港镇何婆桥村12组、马港镇白竹村6组、马港镇毛塅村8组、麦市镇九房村9组、麦市镇盘石村3组，共8个自然村,具体内容分为管道建设和污水处理设备。共建设中小型一体化处理设施12座，庭院式资源化利用设施4座。 | G263: 新建 | H263: 1570.56 | I263: 政府投资项目建议书审批 | J263: 隽发改审批〔2026〕45号 | K263: 2026-02-14 | L263: 吴金波; | M263: 18907244910 | N263: 政府机关 | O263: 2026-04至2026-12
A264: 260 | B264: 湖北旭红物业有限公司 | C264: 通城县隽水镇旭红四巷危旧房自主更新改造项目 | D264: 湖北省通城县隽水镇旭红社区四巷、十四巷 | E264: 胡亚平 | F264: 项目建设总用地面积6347.52㎡，拆除现有破旧房屋，拆除总建筑面积约7000.00㎡。项目新建总建筑面积9153.90㎡，其中住宅建筑面积8184.90㎡，架空层954.00㎡，配电房15.00㎡。配套建设室外公共基础设施及相关附属工程。 | G264: 改建 | H264: 3528.5 | I264: 企业投资项目备案 | J264: 2602-421222-04-01-142912 | K264: 2026-02-11 | L264: 胡亚平; | M264: 19071545862 | N264: 私营企业 | O264: 2026-02至2027-02
...

Sheet Sheet3

Sheet Sheet2
N3444: 430682196810110514
K3470: 7.1 | M3470: 13652689433 | N3470: 430682199906204017 | P3470: 2023.07-2023.07
B3471: 杨小怡 | D3471: 通城县马港镇黄鹤村三组杨小怡屋顶 | E3471: 杨小怡 | H3471: 16 | J3471: 2307-421222-04-01-262692 | K3471: 7.1 | L3471: 孙二发 | M3471: 18771304771 | N3471: 1.306282e+17 | P3471: 2023.07-2023.07
B3472: 胡家伟 | C3472: 通城县大坪乡大坪村二组16号胡家伟屋顶光伏发电项目 | D3472: 通城县大坪乡大坪村二组16号 | E3472: 胡家伟 | F3472: 该项目装机容量为24.525千瓦，占用房顶面积115平方米购置45块545瓦光伏板逆变器并网箱及支架，采用钢架棚形式安装。 | H3472: 9 | J3472: 2307-421222-04-01-736568 | K3472: 7.1 | L3472: 钟李仁 | M3472: 13652689433 | N3472: 4.306822e+17 | P3472: 2023.07-2023.07
B3473: 熊治国 | C3473: 通城县马港镇黄鹤村三组熊治国屋顶光伏发电项目 | D3473: 通城县马港镇黄鹤村三组熊治国屋顶 | E3473: 熊治国 | F3473: 该项目装机容量为39.3千瓦，占用屋顶面积180平方米，购置60块655瓦光伏板，逆变器，并网箱及支架，采用钢架棚形式安装。 | H3473: 15 | J3473: 2307-421222-04-01-412068 | K3473: 7.1 | L3473: 孙二发 | M3473: 18771304771 | N3473: 1.306282e+17 | P3473: 2023.07-2023.07
B3474: 胡银球 | C3474: 通城县大坪乡大坪村二组17号胡银球屋顶光伏发电项目 | D3474: 通城县大坪乡大坪村二组17号 | E3474: 胡银球 | F3474: 该项目装机容量为23.98千瓦，占用房顶面积109平方米购置44块545瓦光伏板逆变器并网箱及支架，采用钢架棚形式安装。 | H3474: 9 | J3474: 2307-421222-04-01-239325 | K3474: 7.1 | L3474: 钟李仁 | M3474: 13652689433 | N3474: 4.306822e+17 | P3474: 2023.07-2023.07
B3475: 易神安 | C3475: 通城县大坪乡草鞋村二组1号易神安屋顶光伏发电项目 | D3475: 大坪乡草鞋村二组 | E3475: 易神安 | F3475: 该项目装机容量为39.6千瓦，占用房顶面积125平方米，购置72块550瓦光伏板、采用平屋顶-膨胀螺栓固定形式安装 | H3475: 12 | J3475: 2307-421222-04-05-468538 | K3475: 7.1 | L3475: 何燕飞 | M3475: 17612703954 | N3475: 4.212222e+17 | P3475: 2023.07-2023.08
B3476: 胡荣 | C3476: 通城县大坪乡辉煌村二组22号胡荣屋顶光伏发电项目 | D3476: 通城县大坪乡辉煌村二组22号 | E3476: 胡荣 | F3476: 该项目装机容量为35.97千瓦，占用房顶面积164平方米购置66块545瓦光伏板逆变器并网箱及支架，采用钢架棚形式安装。 | H3476: 13 | J3476: 2307-421222-04-01-416472 | K3476: 7.1 | L3476: 钟李仁 | M3476: 13652689433 | N3476: 4.306822e+17 | P3476: 2023.07-2023.08

Sheet Sheet4
